 Dungeon Crawl Stone Soup version 0.29-a0-409-gd843f3a48c (webtiles) character file.

Game seed: 7569605920678678572

48 Hubjo the Firebug (level 3, -2/20 HPs)
             Began as a Deep Elf Fire Elementalist on May 13, 2022.
             Was an Initiate of Zin.
             Slain by a worm (7 damage)
             ... on level 2 of the Dungeon.
             The game lasted 00:02:21 (2267 turns).

Hubjo the Firebug (Deep Elf Fire Elementalist)      Turns: 2267, Time: 00:02:22

Health: -2/20      AC:  6    Str: 11    XL:     3   Next: 50%
Magic:  4/10       EV: 12    Int: 21    God:    Zin [......]
Gold:   83         SH:  0    Dex: 15    Spells: 8/9 levels left

rFire   . . .      SeeInvis .   h - +0 dagger
rCold   . . .      Faith    .   (no shield)
rNeg    . . .      Spirit   .   a - +0 robe
rPois   .          Reflect  .   (no helmet)
rElec   .          Harm     .   (no cloak)
rCorr   .          Rampage  .   (no gloves)
Will    .....                   (no boots)
Stlth   ++........              (no amulet)
HPRegen 0.06/turn               e - +6 ring of strength
MPRegen 0.12/turn               g - +4 ring of protection

@: no status effects
A: no striking features
a: Renounce Religion, Donate Gold


You were on level 2 of the Dungeon.
You worshipped Zin.
Zin was noncommittal.
You visited 1 branch of the dungeon, and saw 2 of its levels.

You collected 92 gold pieces.
You donated 9 gold pieces to Zin.

Inventory:

Hand Weapons
 h - a +0 dagger (weapon)
Armour
 a - a +0 robe (worn)
 d - a +0 cloak
Jewellery
 e - a +6 ring of strength (left hand)
 g - a +4 ring of protection (right hand)
Scrolls
 c - a scroll of identify {unknown}
Potions
 b - a potion of magic
 f - 2 potions of curing {unknown}


   Skills:
 * Level 1.5 Fighting
 - Level 2.4 Dodging
 + Level 3.1 Stealth
 + Level 3.5 Spellcasting
 - Level 1.1 Conjurations
 + Level 3.7 Fire Magic


You had 8 spell levels left.
You knew the following spells:

 Your Spells              Type           Power      Damage    Failure   Level
a - Foxfire               Conj/Fire      52%        2x1d6     4%          1

Your spell library contained the following spells:

 Spells                   Type           Power      Damage    Failure   Level
 Scorch                   Fire           38%        2d6       4%          2
 Conjure Flame            Conj/Fire      13%        6-21      14%         3
 Inner Flame              Hex/Fire       11%        N/A       17%         3
 Flame Wave               Conj/Fire      13%        2d6       43%         4


Dungeon Overview and Level Annotations

Branches:
Dungeon (2/15)

Altars:
Zin
Lugonu


Message History

A worm is nearby!
A worm is nearby!
A worm is nearby!
You conjure some foxfire!
You are too depleted to draw on your mana recklessly!
You are too depleted to draw on your mana recklessly!
The foxfire hits the worm.
The worm is lightly wounded.
You conjure some foxfire!
Your foxfire dissipates!
The foxfire hits the worm but does no damage.
The worm is lightly wounded.
You are too depleted to draw on your mana recklessly!
You are too depleted to draw on your mana recklessly!
You are too depleted to draw on your mana recklessly!
You are too depleted to draw on your mana recklessly!
Your foxfire dissipates!
You see here a jackal corpse.
There are no objects that can be picked up here. a jackal corpse The worm bites you.
The worm closely misses you. The worm bites you. The worm bites you.
The worm bites you.
* * * LOW HITPOINT WARNING * * *
The worm completely misses you. The worm bites you but does no damage.
The worm misses you. The worm closely misses you. The worm barely misses you.
The worm closely misses you. The worm closely misses you. The worm bites you!
Zin protects you from harm! The worm barely misses you. The worm bites you.
* * * LOW HITPOINT WARNING * * *
The worm bites you!
You die...

############ ######
#..@w......####.....
#...######..........
..†..... #..........
#.###.....
##.._...... #######
##....†....
.............
###..#..##(..
#.##.#..... ...
#....#..


You could see a worm.

Vanquished Creatures
  A dart slug (D:1)
  8 endoplasms
  5 giant cockroaches
  4 goblins (D:1)
  2 hobgoblins (D:1)
  2 jackals (D:2)
  3 kobolds (D:1)
  3 quokkas
  2 ball pythons (D:1)
  4 bats
  A frilled lizard (D:1)
  4 rats (D:1)
39 creatures vanquished.

Vanquished Creatures (others)
  182 foxfires
182 creatures vanquished.

Grand Total: 221 creatures vanquished

Notes
Turn   | Place    | Note
-------+----------+-------------------------------------------
     0 | D:1      | Hubjo the Deep Elf Fire Elementalist began the quest for
                  | the Orb.
     0 | D:1      | Reached XP level 1. HP: 10/10 MP: 6/6
   388 | D:1      | Reached XP level 2. HP: 8/16 MP: 5/8
   777 | D:1      | Reached skill level 1 in Fighting
  1225 | D:1      | Reached XP level 3. HP: 20/20 MP: 5/9
  1692 | D:1      | Found a faded altar of an unknown god.
  1794 | D:1      | Prayed at the altar of an unknown god.
  1794 | D:1      | Became a worshipper of Lugonu the Unformed
  1794 | D:1      | Reached * piety under Lugonu
  1794 | D:1      | Reached ** piety under Lugonu
  1977 | D:2      | Found a glowing silver altar of Zin.
  1995 | D:2      | Fell from the grace of Lugonu
  1995 | D:2      | Became a worshipper of Zin the Law-Giver
  2262 | D:2      | Zin protects you from harm!
  2267 | D:2      | Slain by a worm

Illustrated notes

Levels and vault maps discovered:
D:1:      mrwooster_arrival_statue_2, layout_loops_ring, basic_ecumenical_altar,
          minmay_worlds_worst_comb
D:2:      layout_basic, basic_altar

Skill      XL: |  1  2  3 |
---------------+----------+-----
Fighting       | 1 |  1.5
Stealth        | 3 |  3.1
Dodging        | |  2.4
Spellcasting   | |  3.5
Conjurations   | |  1.1
Fire Magic     | |  3.7

Action                   || total
-------------------------++-------
Melee: Dagger            ||     6
 Cast: Foxfire           ||   119
Armor: Robe              ||    11
Dodge: Dodged            ||    31

Table legend: (Time is in decaauts)
 A = Elapsed time spent in this place.
 B = Non-inter-level travel time spent in this place.
 C = Inter-level travel time spent in this place.
 D = Time resting spent in this place.
 E = Time spent auto-exploring this place.
 F = Levels seen in this place.
 G = Mean time per level.
                   A        B        C        D        E       F      G
               +--------+--------+--------+--------+--------+-----+--------+
         Total |   2265 |   2227 |     38 |      0 |   1839 |   2 | 1132.5 |
       Dungeon |   2265 |   2227 |     38 |      0 |   1839 |   2 | 1132.5 |
               +--------+--------+--------+--------+--------+-----+--------+

Top non-repeatable levels by time:
     D:1: 1820 daAuts
     D:2: 444 daAuts
